 Dungeon Crawl Stone Soup version 0.17-a0-1554-g3b847ca (webtiles) character file.

29913 George the Fighter (level 13, -21/119 HPs)
             Began as a Minotaur Fighter on July 19, 2015.
             Was a High Priest of Okawaru.
             Killed from afar by an orc sorcerer (41 damage)
             ... with a bolt of fire
             ... on level 4 of the Orcish Mines.
             The game lasted 00:57:38 (19745 turns).

George the Fighter (Minotaur Fighter)              Turns: 19745, Time: 00:57:39

Health: -21/119    AC: 25    Str: 21    XL:     13   Next: 17%
Magic:  17/19      EV: 10    Int:  3    God:    Okawaru [*****.]
Gold:   3833       SH: 16    Dex: 15    Spells: 0 memorised, 12 levels left

rFire  . . .     SeeInvis .     D - +4 short sword (elec)
rCold  . . .     Clarity  .     o - +0 plate armour {MR+}
rNeg   . . .     SustAt   +     P - +1 shield {reflect}
rPois  +         Gourm    .     (helmet restricted)
rElec  .         Spirit   .     Q - +2 cloak {rPois}
rCorr  +         Warding  .     S - +2 pair of gloves
rMut   .         Stasis   .     (no boots)
MR     +....                    N - amulet of resist corrosion
Stlth  ..........               (no ring)
                                G - ring of sustain attributes

@: heroism, studying Polearms, somewhat resistant to hostile enchantments,
extremely unstealthy
A: retaliatory headbutt, horns 2, dopey 1
a: Heroism, Finesse, Renounce Religion


You were on level 4 of the Orcish Mines.
You worshipped Okawaru.
Okawaru was extremely pleased with you.
You were hungry.

You visited 3 branches of the dungeon, and saw 17 of its levels.
You also visited: Sewer and Bailey.

You collected 4033 gold pieces.
You spent 200 gold pieces at shops.

Inventory:

Hand weapons
 p - a +3 hand crossbow of freezing
 v - a +0 great sword of electrocution
 D - a +4 short sword of electrocution (weapon)
 X - a +1 scimitar of holy wrath
Missiles
 k - 16 steel bolts
 l - 16 bolts of frost
 I - 28 bolts
 Y - 40 tomahawks of returning (quivered)
Armour
 o - a +0 plate armour of magic resistance (worn)
 P - a +1 shield of reflection (worn)
 Q - a +2 cloak of poison resistance (worn)
 S - a +2 pair of gloves (worn)
Jewellery
 E - an uncursed ring of ice
 G - a ring of sustain attributes (left hand)
 N - an amulet of resist corrosion (around neck)
Magical devices
 r - a wand of magic darts (18)
 t - a wand of polymorph (19)
 B - a wand of polymorph (22)
 H - a wand of magic darts (13)
 T - a wand of polymorph (14)
 V - a wand of frost (30)
 W - a wand of enslavement (10)
Scrolls
 h - 5 scrolls of remove curse
 i - a scroll of teleportation
 x - a scroll of recharging
 y - 4 scrolls of blinking
 z - 4 scrolls of enchant armour
 L - 9 scrolls of identify
 Z - 2 scrolls of enchant weapon
Potions
 d - 2 potions of might
 f - 11 potions of curing
 j - 4 potions of flight
 m - 4 potions of heal wounds
 s - a potion of cure mutation
 w - 4 potions of cancellation
 C - 2 potions of agility
 F - 2 potions of brilliance
 J - 2 potions of ambrosia
 M - 2 potions of haste
 O - a potion of lignification
 U - a potion of berserk rage
Books
 a - a book of the Dragon

   Spells                             Type                      Level
   a - Flame Tongue                   Conjuration/Fire             1
   b - Cause Fear                     Hexes                        4
   c - Bolt of Fire                   Conjuration/Fire             6
   d - Dragon Form                    Transmutation                7
   e - Dragon's Call                  Summoning                    9
 b - a book of Battle

   Spells                             Type                      Level
   a - Infusion                       Charms                       1
   b - Shroud of Golubria             Charms/Translocation         2
   c - Song of Slaying                Charms                       2
   d - Spectral Weapon                Hexes/Charms                 3
   e - Regeneration                   Charms/Necromancy            3
 n - a manual of Polearms
Miscellaneous
 A - a phial of floods
Comestibles
 c - a chunk of flesh
 e - 9 bread rations
 g - 9 slices of pizza
 q - 7 fruits
 u - 7 meat rations
 K - 4 beef jerkies
 R - 2 royal jellies


   Skills:
 + Level 12.5(17.5) Fighting
 + Level 12.4(17.4) Long Blades
 + Level 12.5(17.5) Armour
 + Level 12.3(17.3) Shields
 + Level 9.9 Invocations


You had 12 spell levels left.
You didn't know any spells.

Dungeon Overview and Level Annotations

Branches:
Dungeon (12/15)            Temple (1/1) D:7            Lair (0/8) D:9
    Orc (4/4) D:12            Elf (0/3) Orc:3

Altars:
Ashenzari
Cheibriados
Dithmenos
Elyvilon
Fedhas
Gozag
Kikubaaqudgha
Makhleb
Nemelex Xobeh
Okawaru
Qazlal
Ru
Sif Muna
Trog
Vehumet
Xom
Yredelemnul
Zin
The Shining One
Beogh
Lugonu

Shops:
D:4 *   D:10 }[}}


Innate Abilities, Weirdness & Mutations

You reflexively headbutt those who attack you in melee.
You have a pair of horns on your head.
You are dopey. (Int -2)


Message History

You hit the orc sorcerer but do no damage.
You headbutt the orc sorcerer, but do no damage.
The orc sorcerer points at you and mumbles some strange words.
The bolt of fire hits you!
The bolt of fire hits the orc wizard.
You block the chaos spawn's attack. You block the orc wizard's attack.
You closely miss the orc sorcerer. You block the orc wizard's attack.
The orc sorcerer casts a spell at you. The bolt of fire hits you!
* * * LOW HITPOINT WARNING * * *
The bolt of fire hits the orc wizard.
The orc wizard dies!
The chaos spawn hits you but does no damage.
Use which ability? (? or * to list)
You gain the combat prowess of a mighty hero.
You feel slightly more hungry.
The orc sorcerer hits you but does no damage.
You block the chaos spawn's attack.
The orc sorcerer gestures at you while chanting.
The bolt of fire hits you!
You die...

......).....#............).......
..#...))....#..........)))..)....
..........)....# #####.###.###.##
.........##(#..# ...#. #.# #.#
.........#(##..# ...# #.# #.#
.........(..#..# ...# ... .#
..........)....# ... #.#
..............)###'###.# #.#
.....#...#.#...)@)o....# #.#
......).#####..###3##..#
.......###.##..# ..#
......#.#...#..# ..#
.........#..#..# ..#
..............o# ###
...(.....#..#... .........####...
...........##


You could see a chaos spawn and an orc sorcerer.

Vanquished Creatures
  Donald (Orc:4)
  Maud (D:11)
  2 orc warlords
  The ghost of herpmino the Spear-Bearer, a powerful NaSk of Cheibriados (D:11)
  Josephine (D:11)
  A centaur warrior (D:11)
  Nergalle (D:11)
  A deep troll (Orc:1)
  2 hill giants
  Pikel (D:5)
  4 orc sorcerers (Orc:4)
  An orc knight (Orc:3)
  A manticore (D:11)
  Joseph (D:8)
  Psyche (D:8)
  3 kobold demonologists (D:10)
  A komodo dragon (D:12)
  7 trolls
  A two-headed ogre (Orc:1)
  2 shadows (D:12)
  10 yaks (D:12)
  A deep elf mage (D:11)
  A human (D:7)
  5 wraiths (D:11)
  2 wyverns
  A hog (D:7)
  6 wargs
  4 vampire mosquitoes (D:12)
  A basilisk (D:11)
  4 sky beasts
  A wasp (D:12)
  4 ice beasts
  22 orc warriors
  6 phantoms
  An eye of draining (D:9)
  16 ogres
  9 giant frogs
  A centaur (D:7)
  A crocodile (D:9)
  2 necrophages
  Blork the orc (D:5)
  A wyvern zombie (D:7)
  A gnoll sergeant (D:7)
  2 scorpions (D:12)
  A wyvern skeleton (D:12)
  14 killer bees
  A giant frog zombie (D:5)
  6 crimson imps
  A jelly (D:11)
  4 wights (D:8)
  2 quasits (D:7)
  2 centaur zombies
  5 hounds
  22 orc priests
  A giant frog skeleton (D:5)
  30 orc wizards
  13 worker ants
  3 sheep (D:7)
  A killer bee zombie (D:6)
  A hound zombie (D:5)
  A worker ant zombie (D:10)
  9 gnolls
  A river rat (D:6)
  15 adders
  3 shadow imps
  12 oozes
  An adder skeleton (D:7)
  An adder zombie (D:6)
  2 worms (D:2)
  13 giant geckos
  210 orcs
  8 ball pythons
  A bat skeleton (D:6)
  15 giant cockroaches
  26 goblins
  16 hobgoblins
  9 jackals
  4 quokkas
  11 bats
  16 giant newts
  30 kobolds
  A quokka skeleton (D:7)
  20 rats
669 creatures vanquished.

Vanquished Creatures (others)
  A slave (D:5)
  An orc wizard (Orc:4)
  2 orcs
  A bat (D:5)
  A goblin (D:5)
  A quokka skeleton (D:5)
  A plant (D:10)
8 creatures vanquished.

Grand Total: 677 creatures vanquished

Notes
Turn   | Place    | Note
--------------------------------------------------------------
     0 | D:1      | George the Minotaur Fighter began the quest for the Orb.
     0 | D:1      | Reached XP level 1. HP: 19/19 MP: 0/0
   264 | D:1      | Reached XP level 2. HP: 18/27 MP: 1/1
   622 | D:1      | Found a shimmering altar of Xom.
   775 | D:1      | Reached skill level 4 in Armour
   948 | D:2      | Found a faded altar to an unknown god.
  1021 | D:2      | Reached XP level 3. HP: 11/33 MP: 2/2
  1539 | D:2      | Found an iron altar of Okawaru.
  1552 | D:2      | Became a worshipper of Warmaster Okawaru
  1566 | D:2      | Reached XP level 4. HP: 40/40 MP: 3/3
  1953 | D:3      | Reached skill level 1 in Invocations
  2008 | D:3      | Reached XP level 5. HP: 34/47 MP: 3/5
  2245 | D:3      | Reached skill level 5 in Armour
  2742 | D:4      | Found Qarchumil's Assorted Antiques.
  2758 | D:4      | Bought a scroll labeled JASAUN HYSUFF for 17 gold pieces
  2758 | D:4      | Bought a scroll labeled UQEBLO KIHOTS for 17 gold pieces
  3026 | D:4      | Reached XP level 6. HP: 30/55 MP: 6/6
  3563 | D:4      | Reached skill level 5 in Fighting
  3563 | D:4      | Reached skill level 5 in Shields
  4489 | D:5      | Entered Level 5 of the Dungeon
  4667 | D:5      | Noticed Pikel
  4692 | D:5      | Killed Pikel
  4692 | D:5      | Acquired Okawaru's first power
  4692 | D:5      | Reached skill level 6 in Fighting
  4692 | D:5      | Reached skill level 5 in Long Blades
  4692 | D:5      | Reached XP level 7. HP: 15/63 MP: 6/8
  4874 | D:5      | Reached XP level 8. HP: 56/70 MP: 9/9
  4971 | D:5      | Gained mutation: You are dopey. (Int -2) [mutagenic meat]
  5436 | D:5      | Noticed Blork the orc
  5444 | D:5      | Killed Blork the orc
  5448 | D:5      | Reached skill level 7 in Armour
  6066 | D:6      | Found a glowing drain.
  6077 | Sewer    | Entered a sewer
  6715 | D:6      | Reached XP level 9. HP: 79/79 MP: 11/11
  6974 | D:7      | Reached skill level 5 in Invocations
  7123 | D:7      | Reached skill level 8 in Armour
  7203 | D:7      | Found a staircase to the Ecumenical Temple.
  7314 | D:7      | Found an opulent altar of Gozag.
  7832 | Temple   | Entered the Ecumenical Temple
  8310 | D:8      | Noticed Psyche
  8318 | D:8      | Killed Psyche
  8395 | D:8      | Reached XP level 10. HP: 87/90 MP: 13/13
  8642 | D:8      | Acquired Okawaru's second power
  8886 | D:8      | Found a sparkling altar of Nemelex Xobeh.
  8939 | D:8      | Noticed Joseph
  8951 | D:8      | Killed Joseph
  8951 | D:8      | Reached skill level 9 in Armour
  8953 | D:8      | Found a basalt altar of Yredelemnul.
  8954 | D:8      | Found a shadowy altar of Dithmenos.
  8956 | D:8      | Found an ancient bone altar of Kikubaaqudgha.
  8959 | D:8      | Found a radiant altar of Vehumet.
  8960 | D:8      | Found a sparkling altar of Nemelex Xobeh.
  9455 | D:9      | Found a snail-covered altar of Cheibriados.
  9631 | D:9      | Received a gift from Okawaru
  9778 | D:9      | Found a staircase to the Lair.
  9874 | D:9      | Found a deep blue altar of Sif Muna.
  9981 | D:10     | Entered Level 10 of the Dungeon
 10011 | D:10     | Found Puta's Gadget Emporium.
 10229 | D:10     | Found Igicry's Antique Armour Shoppe.
 10235 | D:10     | Bought a glowing cloak for 166 gold pieces
 10425 | D:10     | Found Waoc's Gadget Boutique.
 10466 | D:10     | Found a corrupted altar of Lugonu.
 10514 | D:10     | Found Zottud's Gadget Shop.
 10741 | D:10     | Noticed a hill giant
 10749 | D:10     | Killed a hill giant
 10749 | D:10     | Reached skill level 10 in Armour
 10961 | D:10     | Noticed a rust devil
 11076 | D:10     | Reached XP level 11. HP: 93/99 MP: 15/15
 11264 | D:11     | Noticed herpmino's ghost (powerful NaSk)
 11286 | D:11     | Killed herpmino's ghost
 11286 | D:11     | Reached skill level 10 in Fighting
 11286 | D:11     | Reached skill level 10 in Shields
 11434 | D:11     | Received a gift from Okawaru
 11570 | D:11     | Noticed Maud
 11599 | D:11     | Killed Maud
 11599 | D:11     | Reached skill level 10 in Long Blades
 12050 | D:11     | Noticed Josephine
 12060 | D:11     | Noticed a centaur warrior
 12080 | D:11     | Killed Josephine
 12088 | D:11     | HP: 3/101 [centaur warrior (10)]
 12098 | D:11     | Killed a centaur warrior
 12098 | D:11     | Received a gift from Okawaru
 12542 | D:11     | Reached skill level 11 in Armour
 12812 | D:11     | Noticed Nergalle
 12893 | D:11     | Killed Nergalle
 13325 | D:12     | Found a flagged portal.
 13335 | Bailey   | Entered a bailey
 13861 | D:12     | Reached XP level 12. HP: 86/110 MP: 17/17
 13968 | D:12     | Noticed a hill giant
 13979 | D:12     | Killed a hill giant
 14437 | D:12     | HP: 5/110 [troll (7)]
 14871 | D:12     | Found a staircase to the Orcish Mines.
 15181 | Orc:1    | Entered Level 1 of the Orcish Mines
 15365 | Orc:1    | Found a bloodstained altar of Trog.
 15441 | Orc:1    | Found a roughly hewn altar of Beogh.
 15623 | Orc:2    | Received a gift from Okawaru
 15725 | Orc:2    | Found a roughly hewn altar of Beogh.
 15729 | Orc:2    | Noticed an orc warlord
 15747 | Orc:2    | Killed an orc warlord
 16879 | Orc:2    | Reached skill level 12 in Armour
 17398 | Orc:3    | Found a staircase to the Elven Halls.
 18218 | Orc:4    | Entered Level 4 of the Orcish Mines
 18244 | Orc:4    | Received a gift from Okawaru
 18343 | Orc:4    | Noticed an orc warlord
 18368 | Orc:4    | Killed an orc warlord
 18828 | Orc:4    | Reached XP level 13. HP: 66/118 MP: 19/19
 19150 | Orc:4    | Paralysed by an orc sorcerer for 4 turns
 19498 | Orc:4    | Noticed Donald
 19520 | Orc:4    | Killed Donald
 19745 | Orc:4    | Killed from afar by an orc sorcerer

Vault maps used:
D:1:      evilmike_arrival_hilbert_curve, xom_teletrap_fun
D:2:      nicolae_overflow_crystal_walls, ecumenical_altar_2
D:3:      minmay_close_crescents
D:4:      first_bread, serial_shops, nicolae_shop_crystal
D:5:      uniq_blork_the_orc, uniq_pikel
D:6:      portal_sewer_entry_e
D:7:      temple_fountains, basic_altar, grunt_livestock
D:8:      grunt_temple_overflow_open, basic_altar, uniq_psyche, uniq_joseph
D:9:      cheibriados_altar_1, lemuel_blue_sif_altar, lair_0_dummy,
          serial_glass, glass_columns_a, glass_columns_a
D:10:     kennysheep_kobold_lugonu_temple, special_room, serial_shops, shop,
          shop, shop, nicolae_shop_crystal
D:11:     bh_walls_and_bars, uniq_josephine, uniq_maud, uniq_nergalle
D:12:     hiddenorc1_lemuel, enter_bailey_2
Temple:   triangle_lava_temple_11
Orc:1:    basic_altar, trog_book
Orc:2:    trap_god_beogh, mines2_lemuel
Orc:3:    minmay_goldmine, nicolae_orc_pool_cavern
Orc:4:    st_orc_town, minmay_orc_barracks, uniq_donald
Sewer:    sewer_frog_island_02
Bailey:   bailey_axe_4, bailey

Action                   |  1- 3 |  4- 6 |  7- 9 | 10-12 | 13-15 || total
-------------------------+-------+-------+-------+-------+-------++-------
Melee: Long sword        |   106 |   235 |   446 |   157 |       ||   944
       Scimitar          |       |       |       |   459 |       ||   459
       Short sword       |       |       |       |   670 |    44 ||   714
       Great sword       |       |       |       |    96 |    66 ||   162
Throw: Tomahawk          |       |       |       |    22 |       ||    22
Invok: Heroism           |       |       |       |     7 |     3 ||    10
       Finesse           |       |       |       |     3 |     1 ||     4
Evoke: Wand              |       |     5 |     2 |     9 |       ||    16
  Use: Scroll            |       |    13 |    10 |     6 |       ||    29
       Potion            |       |       |       |     3 |       ||     3
  Eat: Chunk             |     2 |    10 |    13 |    36 |     3 ||    64
       Fruit             |       |       |     1 |       |       ||     1
